 Dungeon Sprint DCSS version 0.26.1-2-gb8aa6d0cf2 (webtiles) character file.

Game seed: 2074912723635575133

45970 Groucho the Acrobat (level 13, 76/76 HPs)
             Began as a Felid Berserker on Feb 27, 2021.
             Was an Elder of Trog.
             Got out of the dungeon
             ... with 1 rune!
             The game lasted 00:44:22 (10410 turns).

Groucho the Acrobat (Felid Berserker)              Turns: 10410, Time: 00:44:22

Health: 76/76      AC:  3    Str: 15    XL:     13   Next: 34%
Magic:  14/14      EV: 38    Int:  9    God:    Trog [****..]
Gold:   1008       SH:  5    Dex: 18    Spells: 12/12 levels left
                                        Lives:  1   Deaths: 2

rFire    . . .     SeeInvis +     - Unarmed
rCold    + + .     Faith    .   (shield unavailable)
rNeg     . . .     Spirit   .   (armour unavailable)
rPois    .         Reflect  +   (helmet unavailable)
rElec    +         Harm     .   (cloak unavailable)
rCorr    .         Rampage  .   (gloves unavailable)
Will     +....     NoTele   +   (boots unavailable)
Stlth    ++++++++++             r - amulet "Louzasewk" {Reflect rElec SH+5}
HPRegen  0.22/turn              i - ring of protection from cold
MPRegen  0.14/turn              (no ring)

@: quick
A: very small, no armour, no weapons or thrown items, stealth, claws 1, fangs 3,
horns 1, camouflage 1, see invisible, speed 1, shaggy fur 3, sharp paws
}: 1/10 runes: barnacled
a: Renounce Religion, Berserk, Trog's Hand, Brothers in Arms


You escaped.
You worshipped Trog.
Trog was greatly pleased with you.
You visited 1 branch You collected 1308 gold pieces.
You spent 300 gold pieces at shops.

Inventory:

Jewellery
 b - an uncursed ring of ice
 i - a ring of protection from cold (left paw)
 r - the amulet "Louzasewk" (around neck) {Reflect rElec SH+5}
   (You found it in the Dungeon)

   [amulet of reflection]

   It shields you and reflects attacks.
   It insulates you from electricity.
   It affects your SH (+5).
Wands
 f - a wand of iceblast (5)
 m - a wand of disintegration (2)
 p - a wand of acid (8)
Scrolls
 g - 2 scrolls of torment {unknown}
 h - 5 scrolls of magic mapping {unknown}
 j - 3 scrolls of identify
 k - a scroll of remove curse {unknown}
 o - a scroll of amnesia {unknown}
 q - a scroll of immolation {unknown}
 s - a scroll of enchant armour {unknown}
Potions
 c - a potion of degeneration {unknown}
 d - 2 potions of magic
 e - 2 potions of berserk rage
 l - 3 potions of mutation
 n - 2 potions of brilliance
 t - a potion of ambrosia {unknown}


   Skills:
 + Level 19.6 Fighting
 + Level 24.2 Dodging
 - Level 22.2 Stealth
 + Level 19.6 Unarmed Combat
 + Level 14.4 Evocations


You had 12 spell levels left.
You didn't know any spells.
Your spell library was empty.

Dungeon Overview and Level Annotations

Branches:
Dungeon (1/1)

Altars:
Cheibriados
Dithmenos
Elyvilon
Fedhas
Gozag
Hepliaklqana
Kikubaaqudgha
Makhleb
Nemelex Xobeh
Okawaru
Qazlal
Ru
Sif Muna
Trog
Uskayaw
Vehumet
Wu Jian
Xom
Yredelemnul
Zin
The Shining One
Beogh
Jiyva
Lugonu

Shops:
D }?(=!(=[}[((=?:(!*

Annotations:
D exclusion: obsidian statue, Mara


Innate Abilities, Weirdness & Mutations

You cannot wear armour.
You are incapable of wielding weapons or throwing items.
Your paws allow you to move quietly. (Stealth)
You have sharp claws.
You have razor-sharp teeth.
You have supernaturally acute eyesight. (SInv)
You cover ground quickly.
Your thick and shaggy fur keeps you warm. (AC +3, rC+)
Your sharp claws are effective at attacking unaware monsters.
You have a pair of small horns on your head.
Your skin changes colour to match your surroundings (Stealth+).


Message History

Moving in this stuff is going to be slow.
You enter the shallow water.
Moving in this stuff is going to be slow.
There is an open door to the Lair of Beasts here.
There is an open door here.
Things that are here:
a +0 robe; a +0 giant club
Things that are here:
a +0 war axe of flaming; a +0 leather armour You see here a +0 hand axe.
Items here: )) [[.
There is an open door, spattered with blood here.
Things that are here:
a +0 giant club; a +0 giant club
There is an open door here.
There is a fountain of clear blue water here.
There is an open door to the Ecumenical Temple here.
There is a staircase leading out of the dungeon here.
Are you sure you want to leave the Dungeon?
This will make you lose the game!
You have escaped!

▓▓▓▓▓▓▓▓▓ ▓▓
▓@..#...#### ##.
▓...#......#####..
▓..##.....[.#..#..
▓##.##.##...#..#..
##.##.###..##'#..
▓#.####.##..###...
▓.###..##..####...
▓#.....##..###....
###..##...##....)


There were no monsters in sight!

Vanquished Creatures
  Frederick (D)
  Sigmund (D)
  Rupert (D)
  A lich (D)
  A deep elf blademaster (D)
  2 shadow dragons (D)
  Chuck (D)
  2 azure jellies (D)
  A mummy priest (D)
  A fire dragon (D)
  A merfolk javelineer (D)
  Erolcha (D)
  A hydra (D)
  An ice dragon (shapeshifter) (D)
  A centaur warrior (D)
  4 dancing weapons (D)
  An ogre mage (D)
  An orc high priest (D)
  Urug (D)
  A deep elf knight (D)
  A shadow wraith (D)
  3 death drakes (D)
  2 anaconda zombies (D)
  A lindwurm (D)
  A deep elf mage (D)
  3 ugly things (D)
  An orc sorcerer (D)
  2 elephants (D)
  3 statues (D)
  Edmund (D)
  2 cane toads (D)
  2 two-headed ogres (D)
  A komodo dragon (D)
  A queen bee (D)
  3 wandering mushrooms (D)
  3 spriggan defenders (D)
  A tyrant leech (D)
  6 slime creatures (D)
  A hornet (D)
  2 blink frogs (D)
  A shadow (D)
  5 redbacks (D)
  2 iron troll simulacra (D)
  A spatial vortex (D)
  3 orc warriors (D)
  A necrophage (D)
  2 black mamba simulacra (D)
  3 swamp dragon skeletons (D)
  A water elemental (D)
  32 killer bees (D)
  A jelly (D)
  A wizard (D)
  Jessica (D)
  A necromancer (D)
  A polar bear simulacrum (D)
  A wolf simulacrum (D)
  3 humans (D)
  A kobold demonologist (D)
  A phantom (D)
  3 orcs (D)
  3 rats (D)
  A ball lightning (D)
  A ballistomycete spore (D)
135 creatures vanquished.

Vanquished Creatures (collateral kills)
  Gastronok (D)
  Polyphemus (D)
  Ilsuiw (D)
  2 azure jellies (D)
  2 dire elephants (D)
  A hydra (D)
  A yaktaur captain (D)
  4 death yaks (D)
  A two-headed ogre (shapeshifter) (D)
  An anaconda zombie (D)
  A skeletal warrior (D)
  A sea snake (D)
  A spriggan druid (D)
  A spectral iron dragon (D)
  An obsidian statue (D)
  4 crystal guardians (D)
  An ugly thing (D)
  4 deep elf magi (D)
  A moth of wrath (D)
  2 black mambas (D)
  A rime drake (D)
  An anaconda simulacrum (D)
  A spriggan defender (D)
  A tyrant leech (D)
  A hornet (D)
  A statue (D)
  4 orc high priests (D)
  6 blink frogs (D)
  3 dream sheep (D)
  A slime creature (D)
  A snapping turtle (shapeshifter) (D)
  2 spriggans (D)
  A swamp drake (D)
  3 two-headed ogres (D)
  An electric eel (D)
  An orc priest (D)
  2 orc wizards (D)
  7 orcs (D)
  A ball lightning (D)
  A ballistomycete spore (D)
  A plant (D)
73 creatures vanquished.

Vanquished Creatures (others)
  A deep elf blademaster (D)
  A ghost moth (D)
  Nessos (D)
  A hydra (D)
  A molten gargoyle (D)
  3 yaktaurs (D)
  A hornet (D)
  3 ball lightnings (D)
  A ballistomycete spore (D)
  A bush (D)
  55 plants (D)
69 creatures vanquished.

Grand Total: 277 creatures vanquished

Notes
Turn   | Place    | Note
-------+----------+-------------------------------------------
     0 | D        | Groucho the Felid Berserker began the quest for the Orb.
     0 | D        | Reached XP level 1. HP: 10/10 MP: 2/2
    25 | D        | Noticed Jessica
    35 | D        | Killed Jessica
    35 | D        | Reached ** piety under Trog
    36 | D        | Reached XP level 2. HP: 11/14 MP: 3/3
   150 | D        | Reached XP level 3. HP: 17/17 MP: 4/4
   351 | D        | Gained mutation: You are frail. (-10% HP) [potion of
                  | mutation]
   351 | D        | Gained mutation: You expend magic power (3 MP) to
                  | strengthen your wands. [potion of mutation]
   351 | D        | Gained mutation: You are partially covered in thin metallic
                  | scales. (AC +2) [potion of mutation]
   352 | D        | Lost mutation: You are frail. (-10% HP) [potion of
                  | mutation]
   352 | D        | Lost mutation: You are partially covered in thin metallic
                  | scales. (AC +2) [potion of mutation]
   352 | D        | Lost mutation: You expend magic power (3 MP) to strengthen
                  | your wands. [potion of mutation]
   352 | D        | Gained mutation: You have a pair of small horns on your
                  | head. [potion of mutation]
   352 | D        | Gained mutation: Your skin changes colour to match your
                  | surroundings (Stealth+). [potion of mutation]
   360 | D        | Noticed a water elemental
   363 | D        | Killed a water elemental
   363 | D        | Reached *** piety under Trog
   364 | D        | Reached skill level 5 in Dodging
   364 | D        | Reached skill level 10 in Stealth
   364 | D        | Reached XP level 4. HP: 21/22 MP: 5/5
   382 | D        | Found a radiant altar of Vehumet.
   383 | D        | Found a shimmering blue altar of Sif Muna.
   383 | D        | Found an ancient bone altar of Kikubaaqudgha.
   383 | D        | Noticed a wizard
   384 | D        | Killed a wizard
   385 | D        | Reached skill level 6 in Dodging
   386 | D        | Reached **** piety under Trog
   387 | D        | Reached XP level 5. HP: 25/25 MP: 6/6
   397 | D        | Found a glowing silver altar of Zin.
   398 | D        | Found a glowing golden altar of the Shining One.
   398 | D        | Found a white marble altar of Elyvilon.
   398 | D        | Noticed a deep elf mage
   421 | D        | Killed a deep elf mage
   422 | D        | Reached skill level 9 in Dodging
   422 | D        | Gained mutation: You are covered in thick fur. (AC +2)
                  | [Felid growth]
   422 | D        | Reached XP level 6. HP: 28/33 MP: 7/7
   422 | D        | Reached XP level 7. HP: 31/36 MP: 8/8
   530 | D        | Found a shadowy altar of Dithmenos.
   531 | D        | Found a basalt altar of Yredelemnul.
   531 | D        | Found a sacrificial altar of Ru.
   533 | D        | Reached skill level 10 in Dodging
   533 | D        | Reached ***** piety under Trog
   543 | D        | Found a hide-covered altar of Uskayaw.
   543 | D        | Found an iron altar of Okawaru.
   544 | D        | Found a roughly hewn altar of Beogh.
   544 | D        | Found a bloodstained altar of Trog.
   544 | D        | Found an ornate altar of the Wu Jian Council.
   544 | D        | Noticed a human
   544 | D        | Noticed a human
   546 | D        | Killed a human
   547 | D        | Killed a human
   548 | D        | Reached skill level 11 in Dodging
   577 | D        | Noticed a shadow
   579 | D        | Killed a shadow
   580 | D        | Reached XP level 8. HP: 42/42 MP: 9/9
   585 | D        | Found a blossoming altar of Fedhas.
   585 | D        | Found a stormy altar of Qazlal.
   586 | D        | Found a snail-covered altar of Cheibriados.
   586 | D        | Found a burning altar of Makhleb.
   586 | D        | Found a hazy altar of Hepliaklqana.
   586 | D        | Found a shimmering altar of Xom.
   586 | D        | Found an opulent altar of Gozag.
   586 | D        | Found a sparkling altar of Nemelex Xobeh.
   586 | D        | Found a corrupted altar of Lugonu.
   586 | D        | Found a viscous altar of Jiyva.
   986 | D        | Noticed a two-headed ogre
   989 | D        | Killed a two-headed ogre
   990 | D        | Reached skill level 12 in Dodging
   990 | D        | Reached skill level 15 in Stealth
   993 | D        | Noticed a two-headed ogre
   993 | D        | Noticed Erolcha
   995 | D        | Killed Erolcha
   996 | D        | Reached skill level 10 in Fighting
   996 | D        | Reached skill level 13 in Dodging
   996 | D        | Reached skill level 10 in Unarmed Combat
   996 | D        | Reached XP level 9. HP: 47/47 MP: 10/10
   996 | D        | Killed a two-headed ogre
  1389 | D        | Noticed a wandering mushroom
  1397 | D        | Noticed a wandering mushroom
  1399 | D        | Noticed a wandering mushroom
  1404 | D        | Killed a wandering mushroom
  1412 | D        | Reached skill level 14 in Dodging
  1414 | D        | Killed a wandering mushroom
  1527 | D        | Noticed a cane toad
  1527 | D        | Noticed a komodo dragon
  1527 | D        | Noticed a cane toad
  1532 | D        | Killed a cane toad
  1532 | D        | Reached ****** piety under Trog
  1533 | D        | Killed a komodo dragon
  1534 | D        | Reached XP level 10. HP: 53/53 MP: 11/11
  1542 | D        | Killed a cane toad
  1963 | D        | Reached skill level 15 in Dodging
  2237 | D        | Noticed an elephant
  2238 | D        | Noticed an elephant
  2238 | D        | Noticed a dire elephant
  2238 | D        | Noticed a dire elephant
  2238 | D        | Noticed Gastronok
  2240 | D        | Killed an elephant
  2241 | D        | Killed an elephant
  2628 | D        | Noticed a lindwurm
  2631 | D        | Killed a lindwurm
  2632 | D        | Reached skill level 16 in Dodging
  2639 | D        | Noticed Urug
  2641 | D        | Killed Urug
  2645 | D        | Noticed an eight-headed hydra
  2645 | D        | Noticed a six-headed hydra
  2781 | D        | Killed a six-headed hydra
  2782 | D        | Reached XP level 11. HP: 58/58 MP: 12/12
  2786 | D        | Killed an eight-headed hydra
  3036 | D        | Noticed a death drake
  3039 | D        | Killed a death drake
  3052 | D        | Noticed a death drake
  3054 | D        | Killed a death drake
  3055 | D        | Reached skill level 17 in Dodging
  3057 | D        | Noticed a death drake
  3161 | D        | Found Liweige's Distillery.
  3161 | D        | Found Aphuuvul's Antique Weapon Shop.
  3164 | D        | Killed a death drake
  3167 | D        | Found Axkoopp's Jewellery Shoppe.
  3210 | D        | Killed from afar by Gastronok
  3211 | D        | Reached XP level 10. HP: -5/55 MP: 11/11
  3224 | D        | Killed Gastronok
  3248 | D        | Killed a dire elephant
  3262 | D        | Killed a dire elephant
  3356 | D        | Noticed an azure jelly
  3357 | D        | Noticed an azure jelly
  3357 | D        | Noticed an azure jelly
  3359 | D        | Noticed an azure jelly
  3361 | D        | Noticed Rupert
  3368 | D        | Killed Rupert
  3369 | D        | Reached skill level 18 in Dodging
  3369 | D        | Reached XP level 11. HP: 60/60 MP: 12/12
  3375 | D        | Noticed a death yak
  3376 | D        | Noticed a death yak
  3378 | D        | Noticed a death yak
  3379 | D        | Killed a death yak
  3380 | D        | Noticed a death yak
  3383 | D        | Killed a death yak
  3386 | D        | Killed a death yak
  3420 | D        | Killed a death yak
  3421 | D        | Reached skill level 15 in Fighting
  3421 | D        | Reached skill level 15 in Unarmed Combat
  3693 | D        | Noticed Polyphemus
  3756 | D        | Noticed Edmund
  3757 | D        | Noticed Sigmund
  3760 | D        | Killed Sigmund
  3761 | D        | Reached skill level 19 in Dodging
  3761 | D        | Killed Edmund
  3884 | D        | Noticed a sun demon
  3888 | D        | Noticed a yaktaur captain
  4053 | D        | Noticed an obsidian statue
  4105 | D        | Gained mutation: Your thick and shaggy fur keeps you warm.
                  | (AC +3, rC+) [Felid growth]
  4105 | D        | Reached XP level 12. HP: 54/66 MP: 13/13
  4187 | D        | Reached skill level 1 in Evocations
  4218 | D        | Identified Zebbugui's Compendium of Supportive Orientation
  4231 | D        | Noticed a centaur warrior
  4236 | D        | Killed a centaur warrior
  4237 | D        | Reached skill level 20 in Dodging
  4253 | D        | Reached skill level 5 in Evocations
  4286 | D        | Noticed a fire dragon
  4287 | D        | Killed a fire dragon
  4296 | D        | Noticed a yaktaur captain
  4306 | D        | Noticed a two-headed ogre
  4306 | D        | an elephant changed into a two-headed ogre
  4309 | D        | Killed a two-headed ogre
  4354 | D        | Killed a yaktaur captain
  4588 | D        | Noticed an ice dragon
  4591 | D        | Killed an ice dragon
  4604 | D        | Noticed Chuck
  4627 | D        | Killed Chuck
  4628 | D        | Reached skill level 21 in Dodging
  4760 | D        | Noticed Frederick
  4767 | D        | Killed Frederick
  4768 | D        | Reached XP level 13. HP: 72/72 MP: 14/14
  4927 | D        | Noticed a lich
  4930 | D        | Killed a lich
  4940 | D        | Noticed a shadow dragon
  4942 | D        | Noticed a shadow dragon
  4945 | D        | Killed a shadow dragon
  4946 | D        | Reached skill level 10 in Evocations
  4946 | D        | Killed a shadow dragon
  4947 | D        | Reached skill level 22 in Dodging
  5175 | D        | Killed Nessos
  5215 | D        | Noticed a mummy priest
  5232 | D        | Killed a mummy priest
  5357 | D        | Found Niyloann's Jewellery Emporium.
  5357 | D        | Found Ujikloth's Magic Scroll Shop.
  5357 | D        | Found Siutt's Antique Weapon Boutique.
  5357 | D        | Found Zaxkimm's General Store.
  5357 | D        | Found Esarupt's Antique Weapon Boutique.
  5357 | D        | Found Jesch's Armour Shoppe.
  5357 | D        | Found Eheeq's Distillery.
  5357 | D        | Found Naevour's Gadget Shop.
  5357 | D        | Found Uchiqut's Antique Weapon Emporium.
  5357 | D        | Found Geulumie's Antique Armour Emporium.
  5357 | D        | Found Duohad's Book Boutique.
  5592 | D        | Noticed a deep elf blademaster
  5624 | D        | Killed a deep elf blademaster
  5905 | D        | Noticed Mara
  5991 | D        | Killed a deep elf blademaster
  6258 | D        | Noticed Groucho's illusion
  6628 | D        | Reached skill level 23 in Dodging
  7044 | D        | Found Gexontoyrgh's Jewellery Shop.
  7074 | D        | Bought an uncursed ring of protection from cold for 300
                  | gold pieces
  7373 | D        | Noticed a deep elf demonologist
  7493 | D        | Found a blossoming altar of Fedhas.
  7535 | D        | Reached XP level 14. HP: 74/79 MP: 15/15
  7622 | D        | Killed a ghost moth
  7846 | D        | Got a heavily runed ruby amulet
  8167 | D        | Identified the amulet "Louzasewk" {Reflect rElec SH+5} (You
                  | found it in the Dungeon)
  8605 | D        | Killed Polyphemus
  8612 | D        | Noticed Ilsuiw
  8613 | D        | Found Cuopix's Gadget Shoppe.
  8634 | D        | Killed Ilsuiw
  8799 | D        | Found Emmovyxt's Magic Scroll Boutique.
  8800 | D        | Found Goxzem's Antique Weapon Emporium.
  9030 | D        | Got a barnacled rune of Zot
  9165 | D        | Killed an azure jelly
  9166 | D        | Killed an azure jelly
  9167 | D        | Reached skill level 24 in Dodging
  9181 | D        | HP: 3/79 [azure jelly (6)]
  9187 | D        | Slain by an azure jelly
  9188 | D        | Reached XP level 13. HP: -2/75 MP: 14/14
  9291 | D        | Killed an azure jelly
  9300 | D        | Killed an azure jelly
 10410 | D        | Got out of the dungeon!

Illustrated notes

Levels and vault maps discovered:
D:        dungeon_sprint_mu [sprint_mu_entry_cave, sprint_mu_temple_rooms,
          sprint_mu_d1_spiders, sprint_mu_d2_genie, sprint_mu_d3_branching,
          sprint_mu_orc_legion, sprint_mu_elf_gauntlet, sprint_mu_hive_nellie,
          sprint_mu_lair_fedhas, sprint_mu_vaults_butterflies,
          sprint_mu_slime_circle, sprint_mu_swamp_cave, sprint_mu_shoals_archi,
          sprint_mu_blade_basic, sprint_mu_crypt_lich, sprint_mu_tomb_spiral,
          sprint_mu_vestibule_basic, sprint_mu_gehenna_hellfire,
          sprint_mu_dis_giant, sprint_mu_tartarus_statrot,
          sprint_mu_cocytus_islands, sprint_mu_zot1]

Skill      XL: |  1  2  3  4  5  6  7  8  9 10 11 12 13 14 |
---------------+-------------------------------------------+-----
Stealth        | 8 9 10 11 13 14 16 17 20 22 | 22.2
Fighting       | 4 7 8 10 11 14 15 17 19 | 19.6
Dodging        | 5 6 9 11 13 14 18 19 21 23 24 | 24.2
Unarmed Combat | 4 7 8 10 11 14 15 17 19 | 19.6
Evocations     | 9 13 14 | 14.4

Action                   |  1- 3 |  4- 6 |  7- 9 | 10-12 | 13-15 || total
-------------------------+-------+-------+-------+-------+-------++-------
Melee: Unarmed           |    25 |    10 |    38 |    76 |   244 ||   393
       Bite              |     2 |       |     6 |     7 |    23 ||    38
       Headbutt          |       |     1 |    10 |    11 |    52 ||    74
       Punch             |       |       |     2 |     6 |    22 ||    30
Invok: Trog's Hand       |     1 |     1 |     2 |    10 |    14 ||    28
       Berserk           |     1 |     1 |     2 |     4 |     5 ||    13
       Brothers in Arms  |       |       |     2 |    21 |    27 ||    50
Evoke: Wand              |       |       |       |       |    13 ||    13
  Use: Potion            |     2 |       |     2 |     6 |     7 ||    17
       Scroll            |       |       |       |     1 |     1 ||     2
 Stab: Sleeping          |     4 |     2 |    12 |    28 |    10 ||    56
       Distracted        |       |       |       |     1 |     3 ||     4
Armor: Skin              |     2 |       |       |       |    10 ||    12
Dodge: Dodged            |    12 |     4 |    21 |    65 |   302 ||   404
Block: Other             |       |       |       |       |     5 ||     5
